 Dungeon Crawl Stone Soup version 0.31-a0-236-g9a0961fb85 (webtiles) character file.

Game seed: 9592870010284091313

285 qw the Shooter (level 6, -2/52 HPs)
             Began as a Minotaur Hexslinger on July 10, 2023.
             Splashed by a jelly's acid (7 damage)
             ... on level 4 of the Dungeon.
             The game lasted 00:01:13 (2709 turns).

qw the Shooter (Minotaur Hexslinger)                Turns: 2709, Time: 00:01:13

Health: -2/52      AC: -2    Str: 12    XL:     6   Next: 7%
Magic:  0/6        EV: 12    Int: 10    God:
Gold:   96         SH:  0    Dex: 15    Spells: 6/7 levels left

rFire   . . .        Y - +2 sling
rCold   . . .        (no shield)
rNeg    . . .        c - +0 robe
rPois   .            (helmet restricted)
rElec   .            (no cloak)
rCorr   .            (no gloves)
SInv    .            (no boots)
Will    .....        d - amulet of guardian spirit
Stlth   +            (no ring)
HPRegen 0.28/turn    (no ring)
MPRegen 0.10/turn

%: guardian spirit
@: corroded
A: horns 2, retaliatory headbutt
a: no special abilities


You were on level 4 of the Dungeon.
You visited 1 branch of the dungeon, and saw 4 of its levels.

You collected 96 gold pieces.


Innate Abilities, Weirdness & Mutations

You have a pair of horns on your head.
You reflexively headbutt those who attack you in melee.


   Skills:
 - Level 4.0 Fighting
 + Level 6.0 Ranged Weapons
 - Level 2.1 Dodging
 - Level 1.0 Spellcasting
 - Level 2.0 Hexes


You had 6 spell levels left.
You knew the following spells:

 Your Spells              Type           Power      Damage    Failure   Level
a - Slow                  Hex            16%        N/A       16%         1

Your spell library contained the following spells:

 Spells                   Type           Power      Damage    Failure   Level
 Inner Flame              Hex/Fire       2%         N/A       56%         3
 Portal Projectile        Hex/Tloc       4%         N/A       56%         3
 Cause Fear               Hex            2%         N/A       83%         4

Inventory:

Hand Weapons
 Y - a +2 sling (weapon)
Armour
 c - a +0 robe (worn)
 i - a +0 ring mail
Jewellery
 d - an amulet of guardian spirit (around neck)
Scrolls
 a - 3 scrolls of identify
 h - a scroll of teleportation
 l - a scroll of butterflies {unknown}
 m - 2 scrolls of amnesia {unknown}
 n - a scroll of brand weapon {unknown}
Potions
 b - a potion of enlightenment
 e - a potion of heal wounds
 f - 4 potions of might
 g - a potion of haste {unknown}
 j - a potion of attraction {unknown}
 k - a potion of lignification {unknown}

Dungeon Overview and Level Annotations

Branches:
Dungeon (4/15)
 Temple: D:4-7

Altars:
Hepliaklqana
Nemelex Xobeh
Sif Muna


Message History

The sling bullet hits the hound but does no damage.
The hound is heavily wounded.
The hound bites you. The hound barely misses you.
You shoot a sling bullet.
The sling bullet hits the hound but does no damage.
The hound is heavily wounded.
The hound bites you.
You shoot a sling bullet. The sling bullet hits the hound!
The hound is almost dead.
The hound misses you. You furiously retaliate!
You headbutt the hound.
You kill the hound!
The ball python bites you but does no damage.
The ball python misses you.
Your Fighting skill increases to level 4!
You have reached level 6!
You shoot a sling bullet.
The sling bullet closely misses the ball python.
The sling bullet hits the orc!
You kill the orc!
The ball python bites you. The ball python grabs you.
The ball python constricts you.
You shoot a sling bullet. The sling bullet hits the ball python.
You kill the ball python!
You shoot a sling bullet. The sling bullet hits the jelly.
The jelly is lightly wounded.
The jelly hits you but does no damage.
You shoot a sling bullet. The sling bullet hits the jelly.
The jelly is moderately wounded.
The jelly hits you.
You are splashed with acid!
You shoot a sling bullet. The sling bullet hits the jelly.
The jelly is heavily wounded.
The jelly hits you. The acid corrodes you!
You are splashed with acid!
You shoot a sling bullet. The sling bullet hits the jelly.
The jelly is severely wounded.
The jelly hits you.
You are splashed with acid!
You shoot a sling bullet. The sling bullet hits the jelly.
The jelly is almost dead.
The jelly hits you.
You are splashed with acid!
The jelly hits you.
You are splashed with acid!
You die...

#.#.#######.###......##)##.######
.#.#............######..##>......
#.#.#.......#####..##....###...##
.#.#..#####.# #....)..).# ###.#
#.#.#.##....# #....##..## #.##
.#..........#####..#####+ #.#.
#...........##.%#'## )$# #...
##..........#....##..... ##..
'.#+#.......#...@J).)... #..
'..#..########..##...8.. #..
'.#.#.#......##+# ..... #..
##.#..#.####.# .... #.. #.#.#.#.#
#.# $?# #.. .#.#..#.####.# ## #..
#.#.#.#....#.# ##..
.#.#..####.#.# #...
#.#.#......#.##### #.#.


You could see a jelly.

Vanquished Creatures
  An ogre (D:4)
  A sleepcap (D:4)
  A hound (D:4)
  3 gnolls (D:2)
  3 adders
  An ufetubus (D:4)
  A worm (D:2)
  2 dart slugs (D:1)
  An orc (D:4)
  7 ball pythons
  4 bats
  6 endoplasms
  3 giant cockroaches
  13 goblins
  7 hobgoblins
  A jackal (D:3)
  3 kobolds
  6 quokkas
  4 frilled lizards
  6 rats
74 creatures vanquished.

Notes
Turn   | Place    | Note
-------+----------+-------------------------------------------
     0 | D:1      | qw the Minotaur Hexslinger began the quest for the Orb.
     0 | D:1      | Reached XP level 1. HP: 16/16 MP: 1/1
     0 | D:1      | 0 ||| qw: Version: 0.3-a-52-g30416fa
     0 | D:1      | 0 ||| qw: Game counter: 4513
     0 | D:1      | 0 ||| qw: Melee chars always use a shield: true
     0 | D:1      | 0 ||| qw: God list: Okawaru
     0 | D:1      | 0 ||| qw: Allow faded altars: false
     0 | D:1      | 0 ||| qw: Do Orc after clearing Dungeon:15 true
     0 | D:1      | 0 ||| qw: Do second Lair branch before Depths: true
     0 | D:1      | 0 ||| qw: Lair rune preference: random
     0 | D:1      | 0 ||| qw: Goals: Normal
     0 | D:1      | 0 ||| PLANNING D:1-11
    62 | D:1      | 62 ||| FLEEEEING.
    70 | D:1      | 70 ||| FLEEEEING.
    71 | D:1      | 71 ||| FLEEEEING.
    72 | D:1      | 72 ||| FLEEEEING.
    73 | D:1      | 73 ||| FLEEEEING.
    74 | D:1      | 74 ||| FLEEEEING.
    75 | D:1      | 75 ||| FLEEEEING.
    76 | D:1      | 76 ||| FLEEEEING.
    77 | D:1      | 77 ||| FLEEEEING.
    93 | D:1      | Reached skill level 3 in Ranged Weapons
   151 | D:1      | Reached XP level 2. HP: 23/23 MP: 2/2
   439 | D:1      | Reached XP level 3. HP: 29/29 MP: 3/3
   772 | D:1      | 772 ||| UPGRADING to amulet of guardian spirit.
   777 | D:1      | 777 ||| READING scroll labelled OQOPINLAYJO.
   778 | D:1      | 778 ||| READING scroll labelled ITOUNY ENEB.
   825 | D:1      | 825 ||| READING scroll labelled GUKUFI POER.
   826 | D:1      | 826 ||| DROPPING scroll of poison.
   879 | D:2      | Reached skill level 4 in Ranged Weapons
  1025 | D:2      | Reached XP level 4. HP: 36/36 MP: 4/4
  1032 | D:2      | 1032 ||| FLEEEEING.
  1033 | D:2      | 1033 ||| FLEEEEING.
  1034 | D:2      | 1034 ||| FLEEEEING.
  1035 | D:2      | 1035 ||| FLEEEEING.
  1037 | D:2      | Reached skill level 5 in Ranged Weapons
  1037 | D:2      | 1037 ||| FLEEEEING.
  1038 | D:2      | 1038 ||| FLEEEEING.
  1039 | D:2      | 1039 ||| FLEEEEING.
  1040 | D:2      | 1040 ||| FLEEEEING.
  1041 | D:2      | 1041 ||| FLEEEEING.
  1042 | D:2      | 1042 ||| FLEEEEING.
  1043 | D:2      | 1043 ||| FLEEEEING.
  1046 | D:2      | 1046 ||| FLEEEEING.
  1047 | D:2      | 1047 ||| FLEEEEING.
  1048 | D:2      | 1048 ||| FLEEEEING.
  1049 | D:2      | 1049 ||| FLEEEEING.
  1050 | D:2      | 1050 ||| FLEEEEING.
  1051 | D:2      | 1051 ||| FLEEEEING.
  1052 | D:2      | 1052 ||| FLEEEEING.
  1053 | D:2      | 1053 ||| FLEEEEING.
  1054 | D:2      | 1054 ||| FLEEEEING.
  1055 | D:2      | 1055 ||| STAIRDANCE
  1081 | D:1      | 1081 ||| DROPPING ring of flight.
  1082 | D:1      | 1082 ||| READING scroll labelled KAYGOD DYROHIC.
  1119 | D:2      | Found a shimmering blue altar of Sif Muna.
  1363 | D:2      | 1363 ||| READING 2 scrolls labelled CECROJ YPRAY.
  1648 | D:3      | Found a hazy altar of Hepliaklqana.
  1769 | D:3      | 1769 ||| DROPPING ring of magical power.
  1770 | D:3      | 1770 ||| READING 2 scrolls labelled GIVI WUTIO.
  1781 | D:3      | 1781 ||| READING scroll labelled AHUHOE CYXAELA.
  1882 | D:3      | 1882 ||| READING scroll labelled HUGOMN WYNTOS.
  1883 | D:3      | 1883 ||| DRINKING 2 sapphire potions.
  1884 | D:3      | 1884 ||| DRINKING 3 fizzy black potions.
  1885 | D:3      | 1885 ||| READING 2 scrolls of identify.
  1885 | D:3      | 1885 ||| IDENTIFYING fuming orange potion
  2054 | D:4      | Reached skill level 3 in Fighting
  2054 | D:4      | Reached XP level 5. HP: 44/45 MP: 5/5
  2259 | D:4      | Found a sparkling altar of Nemelex Xobeh.
  2592 | D:4      | Noticed an ogre
  2604 | D:4      | Killed an ogre
  2608 | D:4      | Reached skill level 6 in Ranged Weapons
  2703 | D:4      | Reached XP level 6. HP: 44/52 MP: 6/6
  2709 | D:4      | HP: 6/52 [acid (10)]
  2709 | D:4      | Splashed by a jelly's acid

Levels and vault maps discovered:
D:1:      minmay_arrival_jagged, layout_loops_cross
D:2:      layout_rooms, basic_altar
D:3:      layout_rooms, mainiacjoe_overflow_small_starburst,
          corexii_leaking_fountain, kennysheep_generic_room_3
D:4:      minmay_bubble_buster, layout_basic, mainiacjoe_overflow_24_doors,
          kennysheep_cross_bottleneck, uniq_crazy_yiuf_cottage

Skill      XL: |  1  2  3  4  5 |
---------------+----------------+-----
Ranged Weapons | 3 4 5 6 |  6.0
Fighting       | 2 3 4 |  4.0
Dodging        | |  2.1
Spellcasting   | |  1.0
Hexes          | |  2.0

Action                     |  1- 3 |  4- 6 || total
---------------------------+-------+-------++-------
   Fire: Sling             |   125 |   116 ||   241
    Use: Scroll            |     3 |     6 ||     9
         Potion            |       |     2 ||     2
 Armour: Robe              |     7 |     3 ||    10
  Dodge: Dodged            |    25 |    38 ||    63

Table legend:
 A = Non-vault XP
 B = Vault XP
 C = Vault XP percentage of total XP
 D = Non-vault monster count
 E = Vault monster count
 F = Vault count percentage of total count
                 A         B        C        D         E       F
            +---------+---------+-------+---------+---------+-------
      Total |     333 |      75 |  18.4 |      64 |      10 |  13.5
            +---------+---------+-------+---------+---------+-------
        D:1 |      58 |       0 |   0.0 |      31 |       0 |   0.0
        D:2 |      93 |       0 |   0.0 |      17 |       0 |   0.0
        D:3 |      18 |       2 |  10.0 |      11 |       1 |   8.3
        D:4 |     164 |      73 |  30.8 |       5 |       9 |  64.3
            +---------+---------+-------+---------+---------+-------
